 Dungeon Crawl Stone Soup version 0.25-a0-942-g87a53962fc (webtiles) character file.

Game seed: 5796456560053792627, levelgen mode: deterministic

196 Error4North the Skirmisher (level 5, -21/70 HPs)
             Began as a Hill Orc Fighter on May 5, 2020.
             Engulfed by a cloud of flame (31 damage)
             ... on level 5 of the Dungeon on May 6, 2020.
             The game lasted 00:07:54 (2280 turns).

Error4North the Skirmisher (Hill Orc Fighter)       Turns: 2280, Time: 00:07:54

Health: -21/70     AC: 22    Str: 20    XL:     5   Next: 75%
Magic:  5/5        EV:  2    Int:  8    God:
Gold:   151        SH:  9    Dex: 10    Spells: 4/4 levels left

rFire    . . .     SeeInvis .   a - +0 war axe
rCold    . . .     Gourm    .   c - +0 kite shield
rNeg     + + +     Faith    .   (armour currently unavailable)
rPois    +         Spirit   .   (helmet currently unavailable)
rElec    .         Reflect  .   (cloak currently unavailable)
rCorr    .         Harm     .   (gloves currently unavailable)
MR       .....     NoTele   +   (boots currently unavailable)
Stlth    ++........             (no amulet)
HPRegen  0.21/turn              j - ring of poison resistance
MPRegen  0.09/turn              q - ring of stealth

@: tree-form, stab
A: no striking features
a: no special abilities


You were on level 5 of the Dungeon.
You were hungry.
You were a tree.
You visited 1 branch of the dungeon, and saw 5 of its levels.

You collected 151 gold pieces.

Inventory:

Hand Weapons
 a - a +0 war axe (weapon)
Armour
 c - a +0 kite shield (worn)
 h - a +0 chain mail (melded)
 s - a +0 helmet (melded)
 x - a +0 pair of boots (melded)
Jewellery
 j - a ring of poison resistance (left branch)
 q - a ring of stealth (right branch)
Scrolls
 e - a scroll of immolation
 i - 2 scrolls of amnesia
 r - a scroll of fog {unknown}
 t - 2 scrolls of identify {unknown}
Potions
 b - a potion of flight
 d - a potion of might
 k - 2 potions of lignification
 p - a potion of mutation {unknown}
 u - a potion of degeneration {unknown}
 v - 2 potions of curing
Comestibles
 f - 9 rations
 w - 3 chunks of flesh


   Skills:
 * Level 4.9 Fighting
 + Level 4.1 Axes
 * Level 4.1 Armour
 + Level 0.1 Stealth
 * Level 4.8 Shields


You had 4 spell levels left.
You didn't know any spells.
Your spell library was empty.

Dungeon Overview and Level Annotations

Branches:
Dungeon (6/15)
 Temple: D:4-7

Altars:
Ashenzari
Uskayaw
Xom


Message History

As you read the scroll labeled BARENA ILOX, it crumbles to dust.
You feel a strange sense of stasis.
It was a scroll of teleportation.
As you read the scroll labeled CATRIH IWINWI, it crumbles to dust.
You smell coffee.
It was a scroll of random uselessness.
You slash the orc!
The orc explodes!
The fiery explosion engulfs you!!
* * * LOW HITPOINT WARNING * * *
You are engulfed in blazing flames.
* * * LOW HITPOINT WARNING * * *
You hear a howl!
The worker ant waves its antennae.
The worker ant bites you.
* * * LOW HITPOINT WARNING * * *
It was a potion of stabbing.
You feel ready to backstab.
You are engulfed in blazing flames.
You block the worker ant's attack.
You hit the worker ant but do no damage.
You are engulfed in blazing flames.
You die...

................
.%.....>........
.%%%....o..?....
!....○°§°o......
.....°§§.§......
..%..○.°○°......
#.....○)§§☼.....
#####o☼§°○......
##§§♣a.##...
####### ###


You could see a worker ant and 3 orcs.

Vanquished Creatures
  An orc priest (D:5)
  An orc wizard (D:5)
  Jessica (D:3)
  Robin (D:2)
  A gnoll (D:2)
  An adder (D:2)
  2 oozes
  A worm (D:2)
  A dart slug (D:2)
  2 leopard geckos (D:1)
  5 orcs (D:5)
  A ball python (D:1)
  A giant cockroach (D:2)
  12 goblins
  9 hobgoblins
  10 bats
  4 frilled lizards
  6 kobolds
  8 rats
68 creatures vanquished.

Notes
Turn   | Place    | Note
-------+----------+-------------------------------------------
     0 | D:1      | Error4North the Hill Orc Fighter began the quest for the
                  | Orb.
     0 | D:1      | Reached XP level 1. HP: 19/19 MP: 1/1
   152 | D:1      | Reached XP level 2. HP: 14/27 MP: 2/2
   622 | D:1      | Reached XP level 3. HP: 33/33 MP: 3/3
  1130 | D:2      | Upgraded the game from 0.25-a0-940-gc6eaff51cc to
                  | 0.25-a0-942-g87a53962fc
  1251 | D:2      | You fall into a shaft and drop 1 floor!
  1360 | D:2      | Reached XP level 4. HP: 39/40 MP: 4/4
  1606 | D:2      | Noticed Robin
  1626 | D:2      | Killed Robin
  1676 | D:2      | Found a shimmering altar of Xom.
  1676 | D:2      | Found a shimmering altar of Xom.
  1677 | D:2      | Found a shimmering altar of Xom.
  1678 | D:2      | Found a shimmering altar of Xom.
  1678 | D:2      | Found a shimmering altar of Xom.
  1702 | D:2      | Found a shimmering altar of Xom.
  1714 | D:2      | Found a shimmering altar of Xom.
  1715 | D:2      | Found a shimmering altar of Xom.
  2188 | D:3      | Noticed Jessica
  2191 | D:3      | Killed Jessica
  2191 | D:3      | Reached XP level 5. HP: 47/47 MP: 5/5
  2224 | D:3      | Found a shattered altar of Ashenzari.
  2224 | D:3      | You fall into a shaft and drop 3 floors!
  2224 | D:6      | Found a hide-covered altar of Uskayaw.
  2225 | D:6      | Noticed a +0 hand axe
  2225 | D:6      | Noticed a +0 dagger
  2262 | D:5      | Entered Level 5 of the Dungeon
  2280 | D:5      | Engulfed by a cloud of flame

Levels and vault maps discovered:
D:1:      dpeg_arrival_subterranean_lakeside_camping, layout_basic,
          minmay_tetromino_l4
D:2:      layout_loops_corners, xom_redecorated, first_ration, uniq_robin
D:3:      layout_basic, lemuel_doored_altar, gammafunk_ghost_grave,
          ashenzari_altar_1, uniq_jessica
D:5:      layout_rooms, kiku_gazebo_pond_becter, minmay_gold_behind_fungi
D:6:      layout_basic, trog_ov_bears_minmay, lemuel_coloured_pillars_altar,
          dancing_weapons_uskayaw, basic_altar, skrybe_limestone_x, uniq_duvessa

Skill      XL: |  1  2  3  4  5 |
---------------+----------------+-----
Fighting       | 4 |  4.9
Axes           | 3 4 |  4.1
Shields        | 4 |  4.8
Armour         | 4 |  4.1
Stealth        | |  0.1

Action                   |  1- 3 |  4- 6 || total
-------------------------+-------+-------++-------
Melee: War axe           |   111 |    69 ||   180
  Use: Scroll            |     1 |     4 ||     5
       Potion            |       |     4 ||     4
  Eat: Chunk             |     1 |     3 ||     4
Armor: Scale mail        |    46 |       ||    46
       Chain mail        |    18 |    43 ||    61
       Skin              |       |     1 ||     1
Dodge: Dodged            |    38 |    13 ||    51
Block: Kite shield       |    63 |    44 ||   107

Table legend:
 A = Non-vault XP
 B = Vault XP
 C = Vault XP percentage of total XP
 D = Non-vault monster count
 E = Vault monster count
 F = Vault count percentage of total count
                 A         B        C        D         E       F
            +---------+---------+-------+---------+---------+-------
      Total |     203 |      78 |  27.8 |      49 |      19 |  27.9
            +---------+---------+-------+---------+---------+-------
        D:1 |      31 |      11 |  26.2 |      18 |       8 |  30.8
        D:2 |      66 |      30 |  31.2 |      20 |      10 |  33.3
        D:3 |      11 |      37 |  77.1 |       4 |       1 |  20.0
        D:5 |      95 |       0 |   0.0 |       7 |       0 |   0.0
            +---------+---------+-------+---------+---------+-------
